 Dungeon Crawl Stone Soup version 0.21.1-68-g103a7afc0a (webtiles) character file.

98 Pisosu the Conjurer (level 4, 0/24 HPs)
             Began as a Deep Elf Conjurer on Aug 2, 2018.
             Succumbed to a worker ant's poison
             ... on level 4 of the Dungeon.
             The game lasted 00:07:44 (1526 turns).

Pisosu the Conjurer (Deep Elf Conjurer)             Turns: 1526, Time: 00:07:45

Health: 0/24       AC:  2    Str:  5    XL:     4   Next: 43%
Magic:  6/11       EV: 13    Int: 21    God:
Gold:   72         SH:  0    Dex: 15    Spells: 4/10 levels left

rFire    . . .     SeeInvis .   r - +0 dagger (drain)
rCold    . . .     Gourm    .   (no shield)
rNeg     . . .     Faith    +   a - +0 robe
rPois    .         Spirit   .   (no helmet)
rElec    .         Reflect  .   (no cloak)
rCorr    .         Harm     .   (no gloves)
MR       .....                  (no boots)
Stlth    ++........             j - amulet of faith
HPRegen  0.08/turn              v - ring of ice
MPRegen  0.12/turn              i - ring of fire

@: lethally poisoned (0 -> -13)
A: no striking features
a: no special abilities


You were on level 4 of the Dungeon.
You were not hungry.

You visited 1 branch of the dungeon, and saw 4 of its levels.

You collected 72 gold pieces.

Inventory:

Hand Weapons
 m - a +0 club
 r - a +0 dagger of draining (weapon)
Armour
 a - a +0 robe (worn)
 k - a +2 helmet
 y - a +0 robe
Jewellery
 g - an uncursed ring of resist corrosion
 i - a ring of fire (right hand)
 j - an amulet of faith (around neck)
 v - a ring of ice (left hand)
Scrolls
 f - a scroll of teleportation {unknown}
 h - 2 scrolls of identify {unknown}
 q - a scroll of fear {unknown}
 s - a scroll of blinking {unknown}
 u - 2 scrolls of remove curse {unknown}
 w - a scroll of amnesia {unknown}
Potions
 d - 2 potions of might {unknown}
 e - a potion of degeneration {unknown}
 l - a potion of brilliance {unknown}
 n - 2 potions of heal wounds {unknown}
 o - a potion of berserk rage {unknown}
 p - a potion of haste {unknown}
 t - a potion of lignification {unknown}
 z - a potion of agility {unknown}
Books
 b - a book of Conjurations

   Spells                             Type                      Level
   a - Magic Dart                     Conjuration                  1
   b - Searing Ray                    Conjuration                  2
   c - Dazzling Spray                 Conjuration/Hexes            3
   d - Fulminant Prism                Conjuration/Hexes            4
   e - Force Lance                    Conjuration/Translocation    4
   f - Iskenderun's Mystic Blast      Conjuration                  4
Comestibles
 c - 6 rations
 x - a chunk of flesh


   Skills:
 + Level 0.2 Maces & Flails
 + Level 2.6 Dodging
 + Level 2.7 Stealth
 + Level 3.8 Spellcasting
 + Level 5.9 Conjurations


You had 4 spell levels left.
You knew the following spells:

 Your Spells              Type           Power        Failure   Level  Hunger
a - Magic Dart            Conj           ####         1%          1    None
b - Searing Ray           Conj           ####..       1%          2    #......
c - Dazzling Spray        Conj/Hex       ###...       11%         3    ###....


Dungeon Overview and Level Annotations

Branches:
Dungeon (4/15)
 Temple: D:4-7

Altars:

Shops:
D:4 }

Annotations:
D:3 Theblade12's ghost, amateur DsGl


Message History

A worker ant comes into view.
The worker ant bites you.
You are poisoned.
The worker ant poisons you!
There is a stone staircase leading down here.
You feel sick. The worker ant bites you!
You are lethally poisoned!
The worker ant poisons you! Theblade12's ghost hits you!
* * * LOW HITPOINT WARNING * * *
The worker ant barely misses you.
You climb downwards.
A leopard gecko and a scorpion come into view.
* * * LOW HITPOINT WARNING * * *
You feel sick.
Found a ration, 43 gold pieces and a falchion.
There is a stone staircase leading up here.
* * * LOW HITPOINT WARNING * * *
You feel sick.
Found Qeomp's Gadget Boutique.
You die...

..#.∩.
###......
#......#
#.#...#
###.#...#
###....$#
#..l$...#.#..
#..a.@..%.s.#
#.......#####
#..$......).
#.......####
#........#
#........#
########.# ..


You could see a scorpion (sleeping), a worker ant and a leopard gecko
(sleeping).

Vanquished Creatures
  A hound (D:2)
  3 adders (D:2)
  A worm (D:2)
  A dart slug (D:2)
  A leopard gecko (D:2)
  3 ball pythons
  3 bats (D:1)
  A giant cockroach (D:2)
  5 goblins
  5 hobgoblins
  2 quokkas (D:2)
  A frilled lizard (D:1)
  4 kobolds (D:2)
  3 rats (D:1)
34 creatures vanquished.

Notes
Turn   | Place    | Note
-------+----------+-------------------------------------------
     0 | D:1      | Pisosu the Deep Elf Conjurer began the quest for the Orb.
     0 | D:1      | Reached XP level 1. HP: 10/10 MP: 6/6
   236 | D:1      | Reached XP level 2. HP: 15/15 MP: 4/8
   657 | D:1      | Reached skill level 5 in Conjurations
   947 | D:2      | Reached XP level 3. HP: 19/19 MP: 2/9
  1075 | D:2      | Reached XP level 4. HP: 24/24 MP: 6/11
  1503 | D:2      | Learned a level 2 spell: Searing Ray
  1507 | D:2      | Learned a level 3 spell: Dazzling Spray
  1513 | D:3      | Noticed Theblade12's ghost (amateur DsGl)
  1525 | D:4      | Found Qeomp's Gadget Boutique.
  1525 | D:4      | HP: 1/24 [poisoned by a worker ant]
  1526 | D:4      | Succumbed to a worker ant's poison

Skill      XL: |  1  2 |
---------------+-------+-----
Conjurations   | 5 |  5.9
Maces & Flails | |  0.2
Dodging        | |  2.6
Stealth        | |  2.7
Spellcasting   | |  3.8

Action                   |  1- 3 |  4- 6 || total
-------------------------+-------+-------++-------
Melee: Club              |     6 |       ||     6
 Cast: Magic Dart        |    47 |    22 ||    69
       Dazzling Spray    |       |     2 ||     2
  Eat: Ration            |       |     1 ||     1
Dodge: Dodged            |    12 |     3 ||    15
